 Dungeon Crawl Stone Soup version 0.20-a0-983-g35de22d (webtiles) character file.

2683 Multipenetrator the Thaumaturge (level 9, -2/42 HPs)
             Began as a Deep Elf Wizard on Apr 9, 2017.
             Was a Follower of Vehumet.
             Slain by krfreak's ghost (8 damage)
             ... on level 7 of the Dungeon on Apr 10, 2017.
             The game lasted 01:27:40 (9798 turns).

Multipenetrator the Thaumaturge (Deep Elf Wizard)   Turns: 9798, Time: 01:27:41

Health: -2/42      AC:  5    Str:  5    XL:     9   Next: 37%
Magic:  13/27      EV: 13    Int: 26    God:    Vehumet [*.....]
Gold:   335        SH:  0    Dex: 13    Spells: 12/32 levels left

rFire    + + .     SeeInvis .   a - +1 dagger (speed)
rCold    . . .     Gourm    .   (no shield)
rNeg     . . .     Faith    .   x - +0 leather armour {rPois}
rPois    +         Spirit   .   b - +0 hat
rElec    .         Reflect  .   j - scarf {rC+ rF+}
rCorr    .         Harm     .   t - +0 pair of gloves
MR       .....                  w - +0 pair of boots
Stlth    ++........             (no amulet)
Regen    0.2/turn               v - ring of fire
MPRegen  0.2/turn               (no ring)

@: no status effects
A: frail 1, mutation resistance 1, subdued magic 1
a: Renounce Religion


You were on level 7 of the Dungeon.
You worshipped Vehumet.
Vehumet was aware of your devotion.
You were not hungry.

You visited 2 branches of the dungeon, and saw 8 of its levels.

You collected 335 gold pieces.

Inventory:

Hand Weapons
 a - a +1 dagger of speed (weapon)
 D - a +0 blowgun
Missiles
 m - 7 tomahawks of returning (quivered)
 E - 13 poisoned needles
Armour
 b - a +0 hat (worn)
 i - a +0 robe
 j - a scarf of resistance (worn)
 t - a +0 pair of gloves (worn)
 w - a +0 pair of boots (worn)
 x - a +0 leather armour of poison resistance (worn)
Jewellery
 v - a ring of fire (left hand)
Wands
 z - a wand of confusion (21/48)
Scrolls
 f - 5 scrolls of magic mapping
 g - 4 scrolls of enchant weapon
 h - a scroll of blinking {unknown}
 k - a scroll of identify
 l - a scroll of enchant armour {unknown}
 r - 3 scrolls of teleportation
 s - 3 scrolls of fog
 u - 2 scrolls of remove curse
 y - a scroll of amnesia {unknown}
 B - a scroll of random uselessness
Potions
 e - 4 potions of curing
 o - a potion of degeneration {unknown}
 p - 4 potions of flight
 q - a potion of agility
 A - a potion of berserk rage
Books
 c - a book of Minor Magic

   Spells                             Type                      Level
   a - Magic Dart                     Conjuration                  1
   b - Blink                          Translocation                2
   c - Call Imp                       Summoning                    2
   d - Slow                           Hexes                        2
   e - Conjure Flame                  Conjuration/Fire             3
   f - Mephitic Cloud                 Conjuration/Poison/Air       3
 C - a book of Conjurations

   Spells                             Type                      Level
   a - Magic Dart                     Conjuration                  1
   b - Searing Ray                    Conjuration                  2
   c - Dazzling Spray                 Conjuration/Hexes            3
   d - Fulminant Prism                Conjuration/Hexes            4
   e - Force Lance                    Conjuration/Translocation    4
   f - Iskenderun's Mystic Blast      Conjuration                  4
Comestibles
 d - 4 bread rations
 n - 5 meat rations
 F - a chunk of flesh


   Skills:
 + Level 1.5 Fighting
 + Level 2.4 Short Blades
 + Level 2.2 Armour
 + Level 3.9 Dodging
 + Level 4.2 Stealth
 * Level 12.3 Spellcasting
 + Level 5.9 Conjurations
 + Level 1.5 Hexes
 + Level 2.2 Summonings
 + Level 2.5 Translocations
 + Level 2.3 Fire Magic


You had 12 spell levels left.
You knew the following spells:

 Your Spells              Type           Power        Failure   Level  Hunger
a - Flame Tongue          Conj/Fire      #####        1%          1    None
b - Blink                 Tloc           N/A          2%          2    None
c - Slow                  Hex            ###.....     4%          2    None
d - Conjure Flame         Conj/Fire      #####...     2%          3    None
e - Call Imp              Summ           ###.....     3%          2    None
f - Magic Dart            Conj           ####         1%          1    None
g - Searing Ray           Conj           #####.       1%          2    None
h - Fulminant Prism       Conj/Hex       ####......   12%         4    None
i - Dazzling Spray        Conj/Hex       ####..       3%          3    None


Dungeon Overview and Level Annotations

Branches:
Dungeon (7/15)             Temple (1/1) D:5

Altars:
Ashenzari
Cheibriados
Dithmenos
Elyvilon
Fedhas
Gozag
Hepliaklqana
Kikubaaqudgha
Makhleb
Nemelex Xobeh
Okawaru
Qazlal
Ru
Sif Muna
Trog
Uskayaw
Vehumet
Wu Jian
Xom
Yredelemnul
The Shining One

Annotations:
D:7 krfreak's ghost, novice BuWr


Innate Abilities, Weirdness & Mutations

You are frail. (-10% HP)
You are somewhat resistant to further mutation.
Your spells are a little easier to cast, but a little less powerful.


Message History

You miss krfreak's ghost. Krfreak's ghost barely misses you.
You hit krfreak's ghost but do no damage.
You closely miss krfreak's ghost.
Krfreak's ghost hits you but does no damage.
You hit krfreak's ghost.
Krfreak's ghost is lightly damaged.
Krfreak's ghost hits you.
You closely miss krfreak's ghost.
Krfreak's ghost is lightly damaged.
You miss krfreak's ghost.
Krfreak's ghost is lightly damaged.
Krfreak's ghost gestures wildly while chanting.
Krfreak's ghost blinks!
Krfreak's ghost mumbles some strange words.
Krfreak's ghost blinks!
Krfreak's ghost hits you!
* * * LOW HITPOINT WARNING * * *
Krfreak's ghost closely misses you. Krfreak's ghost hits you!
You die...

...# #.#...####......###
##.#####.........(.......#
#....(........§.......#.#
################......#.#
###.##.#.# #.##.#.#
####......# #.....###.#
#@##..###.# #.W.♣#♣...#
#..#####..## #.....#.....#
#.#...#...#.#
#♣#.._#_..#♣# #########
#♣#.._#_..#♣#
#.#...#...#.#


You could see krfreak's ghost.

Vanquished Creatures
  A troll (D:6)
  Grinder (D:3)
  A hungry ghost (D:3)
  An ice beast (D:5)
  3 phantoms
  An ogre (D:6)
  4 centaurs
  A big kobold (D:7)
  2 bullfrogs
  3 scorpions
  5 howler monkeys
  A bullfrog zombie (D:5)
  2 crimson imps
  3 hounds
  2 jellies
  A gnoll shaman (D:5)
  4 orc wizards
  An iguana (D:5)
  4 worker ants
  A hound skeleton (D:6)
  2 worker ant zombies (D:6)
  7 gnolls (D:5)
  7 adders
  A shadow imp (D:5)
  An ooze (D:3)
  An adder skeleton (D:5)
  3 worms
  6 leopard geckos
  13 orcs
  4 bats
  6 giant cockroaches
  9 goblins
  6 hobgoblins
  5 quokkas
  A ball python (D:6)
  4 frilled lizards
  A jackal skeleton (D:5)
  7 kobolds
  A leopard gecko zombie (D:7)
  4 quokka skeletons
  6 rats
137 creatures vanquished.

Vanquished Creatures (collateral kills)
  A centaur zombie (D:6)
  A crimson imp (D:7)
  A worker ant (D:7)
  2 adders (D:5)
5 creatures vanquished.

Vanquished Creatures (others)
  10 fulminant prisms
10 creatures vanquished.

Grand Total: 152 creatures vanquished

Notes
Turn   | Place    | Note
-------+----------+-------------------------------------------
     0 | D:1      | Multipenetrator the Deep Elf Wizard began the quest for the Orb.
     0 | D:1      | Reached XP level 1. HP: 10/10 MP: 7/7
   272 | D:1      | Reached XP level 2. HP: 15/15 MP: 5/9
   472 | D:1      | Reached skill level 5 in Spellcasting
   758 | D:1      | Learned a level 2 spell: Slow
   761 | D:1      | Learned a level 2 spell: Blink
   994 | D:2      | Reached XP level 3. HP: 16/19 MP: 3/11
  1062 | D:2      | Learned a level 3 spell: Conjure Flame
  1131 | D:3      | Noticed Grinder
  1151 | D:3      | Paralysed by Grinder for 5 turns
  2105 | D:3      | Reached XP level 4. HP: 24/24 MP: 9/13
  2255 | D:3      | Reached skill level 6 in Spellcasting
  2480 | D:3      | Found a shimmering altar of Xom.
  2480 | D:3      | Found a hide-covered altar of Uskayaw.
  2480 | D:3      | Found a shattered altar of Ashenzari.
  2630 | D:3      | Noticed a centaur
  2769 | D:3      | Reached XP level 5. HP: 28/28 MP: 6/16
  2882 | D:3      | Paralysed by Grinder for 4 turns
  2894 | D:3      | Killed Grinder
  2894 | D:3      | Reached skill level 7 in Spellcasting
  2894 | D:3      | Reached skill level 1 in Hexes
  2894 | D:3      | Reached XP level 6. HP: 19/33 MP: 3/18
  3330 | D:3      | Noticed a hungry ghost
  3341 | D:3      | Killed a hungry ghost
  3341 | D:3      | Reached skill level 8 in Spellcasting
  3341 | D:3      | Reached XP level 7. HP: 37/37 MP: 6/20
  3775 | D:4      | Reached skill level 5 in Conjurations
  3962 | D:4      | Reached skill level 9 in Spellcasting
  4069 | D:4      | Reached skill level 1 in Armour
  4291 | D:5      | Entered Level 5 of the Dungeon
  4583 | D:5      | Reached skill level 1 in Fighting
  5106 | D:5      | Reached XP level 8. HP: 43/43 MP: 18/23
  5215 | D:5      | Learned a level 2 spell: Call Imp
  5228 | D:5      | Found a staircase to the Ecumenical Temple.
  5238 | Temple   | Entered the Ecumenical Temple
  5435 | Temple   | Became a worshipper of Vehumet
  5488 | D:5      | Reached skill level 1 in Short Blades
  5572 | D:5      | Reached skill level 10 in Spellcasting
  5833 | D:5      | Found a white marble altar of Elyvilon.
  6605 | D:5      | Reached skill level 1 in Fire Magic
  7041 | D:6      | Found a shadowy altar of Dithmenos.
  7111 | D:6      | Reached * piety under Vehumet
  7111 | D:6      | Offered knowledge of Flame Tongue by Vehumet.
  7111 | D:6      | Reached skill level 11 in Spellcasting
  7114 | D:6      | Learned a level 1 spell: Flame Tongue
  7159 | D:6      | Noticed a troll
  7554 | D:6      | Learned a level 2 spell: Searing Ray
  7559 | D:6      | Learned a level 4 spell: Fulminant Prism
  7650 | D:6      | Upgraded the game from 0.20-a0-972-gb9bd3e6 to 0.20-a0-983-g35de22d
  8069 | D:6      | Learned a level 3 spell: Dazzling Spray
  8195 | D:6      | Killed a troll
  8195 | D:6      | Reached XP level 9. HP: 29/47 MP: 5/26
  8890 | D:6      | Reached skill level 12 in Spellcasting
  9282 | D:7      | Gained mutation: You are frail. (-10% HP) [potion of mutation]
  9282 | D:7      | Gained mutation: Your spells are a little easier to cast, but a little less powerful. [potion of mutation]
  9282 | D:7      | Gained mutation: You are somewhat resistant to further mutation. [potion of mutation]
  9371 | D:7      | Found a deep blue altar of Sif Muna.
  9373 | D:7      | Found a stormy altar of Qazlal.
  9374 | D:7      | Found a basalt altar of Yredelemnul.
  9430 | D:7      | Found a blossoming altar of Fedhas.
  9431 | D:7      | Noticed krfreak's ghost (novice BuWr)
  9798 | D:7      | Slain by krfreak's ghost

Vault maps used:
D:1:      mainiacjoe_arrival_reflecting_pool, grunt_decor_resistance,
          minivault_25, minmay_octomino_j4
D:2:      cheibrodos_helix_gallery
D:3:      gammafunk_temple_overflow_claw, serial_park_tiny_1, uniq_grinder
D:5:      nicolae_overflow_crystal_walls, minmay_temple_entry_trees,
          first_bread, kennysheep_small_spiral
D:6:      grunt_dithmenos_smoke_and_mirrors
D:7:      nicolae_overflow_quartered_altars
Temple:   minmay_temple_bridge_abc

Skill      XL: |  1  2  3  4  5  6  7  8  9 |
---------------+----------------------------+-----
Spellcasting   | 5 6 7 8 9 11 12 | 12.3
Conjurations   | 2 3 4 5 |  5.9
Hexes          | 1 |  1.5
Stealth        | 3 4 |  4.2
Armour         | 1 2 |  2.2
Fighting       | 1 |  1.5
Dodging        | 3 |  3.9
Short Blades   | 1 2 |  2.4
Fire Magic     | 1 2 |  2.3
Translocations | 2 |  2.5
Summonings     | 2 |  2.2

Action                   |  1- 3 |  4- 6 |  7- 9 || total
-------------------------+-------+-------+-------++-------
Melee: Short sword       |     2 |     1 |       ||     3
       Dagger            |       |     1 |   185 ||   186
 Cast: Magic Dart        |   101 |    99 |   242 ||   442
       Blink             |     1 |       |    10 ||    11
       Slow              |     3 |       |       ||     3
       Conjure Flame     |     2 |     1 |    25 ||    28
       Flame Tongue      |       |       |    73 ||    73
       Call Imp          |       |       |    11 ||    11
       Searing Ray       |       |       |     3 ||     3
       Fulminant Prism   |       |       |    10 ||    10
       Dazzling Spray    |       |       |     1 ||     1
  Use: Scroll            |       |       |    11 ||    11
       Potion            |       |       |     1 ||     1
 Stab: Sleeping          |       |       |     3 ||     3
       Distracted        |       |       |     2 ||     2
  Eat: Chunk             |     3 |     4 |    11 ||    18
       Bread ration      |       |       |     1 ||     1
       Meat ration       |       |       |     1 ||     1
Armor: Robe              |     6 |     1 |       ||     7
       Leather armour    |       |       |    39 ||    39
Dodge: Dodged            |    14 |    16 |    89 ||   119
